 Dungeon Crawl Stone Soup version 0.18-a0-1773-gec4f98e (webtiles) character file.

45733 ololoev the Geomancer (level 14, -2/84 HPs)
             Began as a Gargoyle Earth Elementalist on Apr 14, 2016.
             Was a High Priest of Vehumet.
             Shot with a bolt of penetration by a yaktaur captain (35 damage)
             ... on level 1 of the Depths.
             The game lasted 01:35:24 (19387 turns).

ololoev the Geomancer (GrEE)                       Turns: 19387, Time: 01:35:25

Health: -2/84      AC: 25    Str: 11    XL:     14   Next: 34%
Magic:  24/47      EV: 13    Int: 22    God:    Vehumet [*****.]
Gold:   664        SH:  4    Dex: 10    Spells: 4 memorised, 25 levels left

rFire  + + +     SeeInvis .     a - +4 rapier of the Pyrrhic Victory {flame, rF++ rC+ MP+9 Str-3}
rCold  + . .     Gourm    .     R - +2 troll leather armour
rNeg   + . .     Faith    .     c - +0 buckler {rF+}
rPois  ∞         Spirit   .     C - +1 hat
rElec  +         Dismiss  .     j - +1 cloak
rCorr  .         Reflect  .     A - +1 pair of gloves {Str+3}
SustAt .         Harm     .     s - +1 pair of boots
MR     ++...                    (no amulet)
Stlth  ++........               N - ring of protection from magic
                                n - ring of magical power

@: very resistant to hostile enchantments, unstealthy
A: big wings, negative energy resistance 1, regeneration 1, electricity
resistance, unbreathing, petrification resistance, rot immunity, AC +9
a: Fly, Renounce Religion


Innate Abilities, Weirdness & Mutations

You are resistant to torment.
Your stone body is resilient (AC +9).
You are immune to poison.
Your large and strong wings let you fly indefinitely.
You resist negative energy.
You are resistant to electric shocks.
You can survive without breathing.
You are immune to petrification.
You are immune to rotting.
Your natural rate of healing is unusually fast.

Inventory:

Hand Weapons
 a - the +4 rapier of the Pyrrhic Victory (weapon) {flame, rF++ rC+ MP+9 Str-3}
   (You bought it in a shop on level 6 of the Dungeon)

   It has been specially enchanted to burn those struck by it, causing extra
   injury to most foes and up to half again as much damage against particularly
   susceptible opponents.
   It affects your strength (-3).
   It greatly protects you from fire.
   It protects you from cold.
   It affects your magic capacity (+9).
 H - the +5 blowgun of the Lonely Orbs {speed, rN+ MR+ Dex+2 Stlth+}
   (You found it on level 9 of the Dungeon)

   Attacks with this weapon are significantly faster.
   It affects your dexterity (+2).
   It protects you from negative energy.
   It affects your resistance to hostile enchantments.
   It makes you more stealthy.
Missiles
 b - 416 stones (quivered)
Armour
 c - a +0 buckler of fire resistance (worn)
 j - a +1 cloak (worn)
 s - a +1 pair of boots (worn)
 A - a +1 pair of gloves of strength (worn)
 C - a +1 hat (worn)
 R - a +2 troll leather armour (worn)
Jewellery
 n - a ring of magical power (left hand)
 B - an uncursed ring of wizardry
 L - an uncursed ring of sustain attributes
 N - a ring of protection from magic (right hand)
Wands
 D - a wand of teleportation (1/9)
 J - a wand of disintegration (3/24)
Scrolls
 f - a scroll of recharging
 m - a scroll of immolation
 r - 8 scrolls of remove curse
 u - 5 scrolls of amnesia
Potions
 e - 2 potions of cure mutation
 g - 3 potions of beneficial mutation {unknown}
 h - 2 potions of curing
 l - a potion of invisibility {unknown}
 o - a potion of cancellation
 q - a potion of might {unknown}
 t - a potion of agility
 v - 2 potions of mutation {unknown}
 z - a potion of magic
 G - 4 potions of resistance
Comestibles
 d - 12 bread rations
 i - 18 fruits
 p - a meat ration
 T - 3 beef jerkies


   Skills:
 + Level 8.9 Fighting
 - Level 9.0 Armour
 + Level 5.8 Dodging
 - Level 2.1 Stealth
 - Level 4.7 Shields
 * Level 11.5 Spellcasting
 - Level 11.3 Conjurations
 - Level 0.7 Transmutations
 * Level 14.6 Earth Magic


You had 25 spell levels left.
You knew the following spells:

 Your Spells              Type           Power        Failure   Level  Hunger
a - Sandblast             Erth           ######       0%          1    None
b - Stone Arrow           Conj/Erth      ######       1%          3    None
c - Lee's Rapid Deconstr  Erth           ######....   1%          5    ####...
w - Passwall              Trmt/Erth      #####.....   1%          2    None


You were on level 1 of the Depths.
You worshipped Vehumet.
Vehumet was extremely pleased with you.
You were very hungry.

You visited 3 branches of the dungeon, and saw 18 of its levels.

You collected 1112 gold pieces.
You spent 448 gold pieces at shops.

....#..........####.#.#.###.####
#..........#..###.#.#+# #.#
#..##'####.##.#.#.#.. #.#
#..............#... #.#
#....##c##.#.#.'.... +.#
..#....##C##.#.#.#.....###
.........#......#.#.....#
.###.###..(C..###.#..
#.#......)@†.()...
#.###...######)... .. #...# ....
#...# ..p.. .....# .......
#.#...# ......# ..#...# ......#
......#

Notes
Turn   | Place    | Note
--------------------------------------------------------------
     0 | D:1      | ololoev the Gargoyle Earth Elementalist began the quest for the Orb.
     0 | D:1      | Reached XP level 1. HP: 10/10 MP: 3/3
   357 | D:1      | Reached XP level 2. HP: 15/15 MP: 3/5
   416 | D:1      | Learned a level 2 spell: Passwall
   732 | D:1      | Reached skill level 4 in Earth Magic
  1078 | D:1      | Reached XP level 3. HP: 19/19 MP: 5/7
  1083 | D:1      | Learned a level 3 spell: Stone Arrow
  1135 | D:2      | Noticed Ijyb
  1207 | D:2      | Killed Ijyb
  1207 | D:2      | Reached XP level 4. HP: 24/24 MP: 2/8
  1656 | D:2      | Found a bloodstained altar of Trog.
  1658 | D:2      | Found an opulent altar of Gozag.
  1658 | D:2      | Found an iron altar of Okawaru.
  1800 | D:2      | Noticed Jessica
  1808 | D:2      | Killed Jessica
  1808 | D:2      | Reached skill level 1 in Conjurations
  1808 | D:2      | Reached skill level 5 in Earth Magic
  1894 | D:2      | Reached XP level 5. HP: 28/28 MP: 8/10
  1901 | D:2      | Learned a level 5 spell: Lee's Rapid Deconstruction
  3399 | D:4      | Noticed Natasha
  3408 | D:4      | Killed Natasha
  3408 | D:4      | Reached XP level 6. HP: 27/32 MP: 2/11
  3434 | D:4      | Noticed Natasha
  3463 | D:4      | Killed Natasha
  3882 | D:4      | Noticed Natasha
  3886 | D:4      | Killed Natasha
  4047 | D:4      | Reached XP level 7. HP: 33/36 MP: 13/13
  4176 | D:5      | Entered Level 5 of the Dungeon
  4254 | D:5      | Found a sacrificial altar of Ru.
  4257 | D:5      | Found a basalt altar of Yredelemnul.
  4266 | D:5      | Found an oddly glowing altar of Pakellas.
  4277 | D:5      | Got a transparent robe
  4288 | D:5      | Identified the +2 robe of Activism {rPois rC+ Dex-4} (You found it on level 5 of the Dungeon)
  4356 | D:5      | Found a bloodstained altar of Trog.
  4396 | D:5      | Reached skill level 6 in Earth Magic
  4452 | D:5      | Reached skill level 5 in Conjurations
  4793 | D:5      | Found a staircase to the Ecumenical Temple.
  4799 | Temple   | Entered the Ecumenical Temple
  4948 | Temple   | Became a worshipper of Vehumet
  5258 | D:6      | Noticed Sigmund
  5407 | D:6      | Found Sukew's Assorted Antiques.
  5416 | D:6      | Reached skill level 1 in Fighting
  5416 | D:6      | Reached XP level 8. HP: 43/43 MP: 12/15
  5437 | D:6      | Reached skill level 1 in Armour
  5568 | D:6      | Bought a cabochon ring for 125 gold pieces
  5624 | D:6      | Reached skill level 7 in Earth Magic
  5634 | D:6      | Reached skill level 5 in Spellcasting
  5789 | D:6      | Killed Sigmund
  5789 | D:6      | Reached skill level 1 in Shields
  5998 | D:6      | Found Dobuw's Assorted Antiques.
  6203 | D:6      | Found Ewiz's Assorted Antiques.
  6259 | D:6      | Reached * piety under Vehumet
  6259 | D:6      | Offered knowledge of Sting by Vehumet.
  6307 | D:6      | Bought a faintly glowing rapier for 243 gold pieces
  6307 | D:6      | Identified the +4 rapier of the Pyrrhic Victory {flame, rF++ rC+ MP+9 Str-3} (You bought it in a shop on level 6 of the Dungeon)
  6353 | D:6      | Noticed Edmund
  6390 | D:6      | jacquesderrida: айййййййййййййййййййййййййййййййй
  6391 | D:6      | ololoev: yo
  6391 | D:6      | jacquesderrida: ломаер
  6398 | D:6      | Killed Edmund
  6398 | D:6      | Reached XP level 9. HP: 34/49 MP: 0/17
  6399 | D:6      | jacquesderrida: ХАЙ ЛЕЛЕЕВ
  6400 | D:6      | ololoev: привет джей
  6400 | D:6      | jacquesderrida: ЧЕ ТУТ
  6400 | D:6      | ololoev: тут духз
  6473 | D:6      | jacquesderrida: КТО
  6475 | D:6      | jacquesderrida: Лалеев, аутисты сломали ксзо
  6475 | D:6      | ololoev: ??duhzwin
  6475 | D:6      | ololoev: типа данж депс хелл зот
  6475 | D:6      | ololoev: аутисты беснуются
  6492 | D:6      | jacquesderrida: нечесе
  6908 | D:7      | Reached skill level 8 in Earth Magic
  7078 | D:7      | Found a burning altar of Makhleb.
  7078 | D:7      | Noticed a blizzard demon
  7826 | D:8      | ololoev: обожаю железные стены
  7847 | D:8      | Reached ** piety under Vehumet
  7847 | D:8      | Offered knowledge of Shock by Vehumet.
  8122 | D:8      | Reached skill level 9 in Earth Magic
  8128 | D:8      | Reached XP level 10. HP: 56/56 MP: 7/20
  8260 | D:8      | Found a sparkling altar of Nemelex Xobeh.
  8323 | D:8      | Found Peeduf's Distillery.
  8328 | D:8      | jacquesderrida: щииииииииииииииет
  8334 | D:8      | jacquesderrida: А ЧЕ ВСЕ СЛОВИНСКИ ДЕЛАЮТ ДУПЗЕР
  8334 | D:8      | ololoev: хз
  8334 | D:8      | jacquesderrida: ЕТО Ж АНРИЛ
  8334 | D:8      | ololoev: вспомнилось просто в треде
  8349 | D:8      | Bought a potion of agility for 64 gold pieces
  8349 | D:8      | Bought a potion of degeneration for 16 gold pieces
  8410 | D:8      | jacquesderrida: В ТРЕДИ ТОЛЬКО ДКСС??
  8419 | D:8      | ololoev: да
  8467 | D:8      | jacquesderrida: БЛЯ...
  8468 | D:8      | Offered knowledge of Dazzling Spray by Vehumet.
  8547 | D:8      | jacquesderrida: А рогелайк дженерала нет?
  8552 | D:9      | ololoev: нет
  8552 | D:9      | jacquesderrida: пздц!
  8552 | D:9      | jacquesderrida: Я думал выкладывать туда новые версии когмайнда
  8552 | D:9      | ololoev: по каждому рогалику по треду
  8552 | D:9      | jacquesderrida: вряд ли его кто-то покупал
  8552 | D:9      | ololoev: обычно
  8644 | D:9      | Reached *** piety under Vehumet
  8772 | D:9      | jacquesderrida: бля.........
  8791 | D:9      | jacquesderrida: Они на грибах сидели, что ли
  8795 | D:9      | jacquesderrida: пздц
  8811 | D:9      | jacquesderrida: щас стошнит
  8907 | D:9      | jacquesderrida: как нижние пещеры зачищать-то
  8907 | D:9      | jacquesderrida: с героем двенадцатого уровня
  8907 | D:9      | jacquesderrida: Хотя там на этаже опыта больше, чем в целом бранче, лейл
  9053 | D:9      | Offered knowledge of Mephitic Cloud by Vehumet.
  9082 | D:9      | Got an ivory blowgun
  9083 | D:9      | Identified the +5 blowgun of the Lonely Orbs {speed, rN+ MR+ Dex+2 Stlth+} (You found it on level 9 of the Dungeon)
  9166 | D:9      | ololoev: двадцатого это сильно сказано
  9166 | D:9      | crauler: вау
  9166 | D:9      | crauler: какая рапира
  9166 | D:9      | jacquesderrida: ЧЕ
  9166 | D:9      | ololoev: посмотри мои последние смерти в депсах: 15, 15, 14 лвлы
  9166 | D:9      | ololoev: рапира годная
  9182 | D:9      | Found a shimmering altar of Xom.
  9689 | D:9      | Reached skill level 10 in Earth Magic
  9767 | D:9      | Found a staircase to the Lair.
  9852 | D:10     | Entered Level 10 of the Dungeon
  9942 | D:10     | Reached skill level 5 in Armour
 10137 | D:10     | Reached XP level 11. HP: 62/62 MP: 15/22
 10339 | D:10     | Reached skill level 5 in Fighting
 10550 | D:10     | Noticed Maud
 10551 | D:10     | jacquesderrida: МОД
 10564 | D:10     | jacquesderrida: GET LORD TENESSY ON HER ASS
 10659 | D:10     | jacquesderrida: T E N N Y S O N
 10843 | D:10     | Found Ysmagat's Jewellery Emporium.
 10888 | D:10     | Reached **** piety under Vehumet
 10952 | D:9      | jacquesderrida: ne
 10956 | D:9      | crauler: вот черти
 10956 | D:9      | jacquesderrida: pls
 10968 | D:9      | jacquesderrida: НЕЗЯ
 10969 | D:9      | ololoev: как-то жестко
 10969 | D:9      | jacquesderrida: RAT PRINCESS A KILL
 10969 | D:9      | crauler: ледяная пещера находилась примерно там же где и стадо дезяков и слонов
 10995 | D:9      | jacquesderrida: БИГИ
 11014 | D:9      | jacquesderrida: ПЛС
 11081 | D:9      | jacquesderrida: ПРАТЕКШН
 11088 | D:8      | jacquesderrida: LRD NO GO
 11220 | D:10     | Noticed Sonja
 11221 | D:10     | Killed Sonja
 11411 | D:11     | Reached skill level 11 in Earth Magic
 11495 | D:11     | Offered knowledge of Bolt of Magma by Vehumet.
 11533 | D:11     | Noticed a hill giant
 11727 | D:11     | Killed a hill giant
 12013 | D:11     | jacquesderrida: зач выкинул паралич.......
 12016 | D:11     | Found Vemas's Serpentskin Sales.
 12060 | D:11     | jacquesderrida: SERPENTSKIN SALES
 12061 | D:11     | jacquesderrida: лейл
 12061 | D:11     | ololoev: нинужно
 12167 | D:12     | Noticed a hill giant
 12169 | D:12     | Killed a hill giant
 12356 | D:12     | Noticed a cyclops
 12361 | D:12     | Killed a cyclops
 12514 | D:12     | Noticed a red ugly thing
 12516 | D:12     | Noticed a green ugly thing
 12533 | D:12     | Killed a red ugly thing
 12533 | D:12     | Reached XP level 12. HP: 70/70 MP: 24/24
 12914 | D:12     | Gained mutation: Your body sometimes deteriorates upon taking damage. [mutagenic meat]
 12915 | D:12     | Gained mutation: Your natural rate of healing is unusually fast. [mutagenic meat]
 13218 | D:12     | Found a glowing golden altar of the Shining One.
 13390 | D:12     | Reached skill level 12 in Earth Magic
 13490 | D:12     | Found a staircase to the Orcish Mines.
 13521 | D:12     | Noticed Frances
 14210 | D:13     | Reached skill level 10 in Conjurations
 14264 | D:13     | Reached ***** piety under Vehumet
 14264 | D:13     | Offered knowledge of Freezing Cloud by Vehumet.
 15253 | D:13     | Gained mutation: You are occasionally teleported next to monsters. [mutagenic meat]
 15254 | D:13     | Lost mutation: Your body sometimes deteriorates upon taking damage. [potion of cure mutation]
 15254 | D:13     | Lost mutation: You are occasionally teleported next to monsters. [potion of cure mutation]
 15254 | D:13     | Lost mutation: Your natural rate of healing is unusually fast. [potion of cure mutation]
 15595 | D:14     | Noticed a six-headed hydra
 15603 | D:14     | Killed a six-headed hydra
 15603 | D:14     | Reached skill level 10 in Spellcasting
 15867 | D:14     | Reached XP level 13. HP: 62/76 MP: 27/27
 15872 | D:14     | Reached skill level 13 in Earth Magic
 16389 | D:14     | Found a gate to the Vaults.
 16403 | D:14     | Got a dazzling flail
 16404 | D:14     | Identified the +10 flail of Magnificence {flame, +Inv rN++ Str+8 Dex-4} (You found it on level 14 of the Dungeon)
 16710 | D:15     | Entered Level 15 of the Dungeon
 17314 | D:15     | Noticed Azrael
 17329 | D:15     | Killed Azrael
 17624 | D:15     | Reached skill level 5 in Dodging
 17919 | D:15     | Gained mutation: Your natural rate of healing is unusually fast. [mutagenic meat]
 18015 | D:15     | Found a staircase to the Depths.
 18064 | D:15     | Wingboner: У кого такое эпичное ковырядло оторвал?
 18065 | D:15     | ololoev: на полу валялось
 18187 | D:15     | Identified a scroll of acquirement
 18217 | Depths:1 | Entered Level 1 of the Depths
 18219 | Depths:1 | You fall through a shaft!
 18220 | Depths:2 | ololoev: охрененное начало дня
 18220 | Depths:2 | Wingboner: Лол.
 18220 | Depths:2 | Wingboner: Вот кстати одно из худших мест вообще чтоб провалиться.
 18220 | Depths:2 | Wingboner: Тут м-м-максимум YOU ARE NOT PREPARED
 18221 | Depths:2 | ololoev: так, походу я встрял
 18221 | Depths:2 | ololoev: наверняка тут будут демоны
 18229 | Depths:2 | Noticed a stone giant
 18235 | Depths:2 | Noticed a frost giant
 18249 | Depths:2 | Noticed an ice dragon
 18253 | Depths:2 | Noticed a fire giant
 18258 | Depths:2 | Noticed a frost giant
 18261 | Depths:2 | namelastname112: чето все духзят
 18281 | Depths:2 | Noticed a lich
 18282 | Depths:2 | Noticed a great orb of eyes
 18292 | Depths:2 | Wingboner: Он провалился.
 18296 | Depths:2 | Wingboner: И бегает с горелой жопой.
 18303 | Depths:2 | Wingboner: /попкорн
 18303 | Depths:2 | Noticed a stone giant
 18304 | Depths:2 | Noticed a fire giant
 18305 | Depths:2 | beem: I am beem. For help, type: !beem help
 18305 | Depths:2 | ololoev: не, ну это полный отстой
 18305 | Depths:2 | namelastname112: а вот и бим набежал
 18305 | Depths:2 | ololoev: кто это?
 18305 | Depths:2 | Wingboner: !lg .
 18305 | Depths:2 | ololoev: бот?
 18305 | Depths:2 | beem: 7. Wingboner the Skirmisher (L5 VSFi), mangled by Pikel (a +1 whip of electrocution) on D:4 on 2016-02-23 16:18:29, with 144 points after 2323 turns and 0:05:02.
 18305 | Depths:2 | namelastname112: да
 18305 | Depths:2 | ololoev: !beem help
 18305 | Depths:2 | beem: I'm a chat bot that relays commands to the DCSS irc bots Sequell, Gretell, and Cheibriados. For further details, see https://github.com/gammafunk/beem/blob/master/docs/commands.md
 18305 | Depths:2 | namelastname112: субскрайб сделай
 18305 | Depths:2 | ololoev: !lg . place=depths:1 -log
 18305 | Depths:2 | beem: 6. ololoev, XL14 HOFi, T:16147: http://crawl.xtahua.com/crawl/morgue/ololoev/morgue-ololoev-20160413-134501.txt
 18305 | Depths:2 | namelastname112: !beem subscribe
 18305 | Depths:2 | beem: User namelastname112 is already subscribed
 18307 | Depths:1 | Noticed a white very ugly thing
 18307 | Depths:1 | Noticed a fire dragon
 18308 | Depths:1 | Wingboner: Что это даёт?
 18308 | Depths:1 | namelastname112: он будет все твои игры спекать
 18309 | Depths:1 | Noticed a white very ugly thing
 18311 | Depths:1 | incide: он набегает в твой чат, чтобы не надо было в лерндб спрашивать или ботов в ирц теребить
 18312 | Depths:1 | incide: и - интеграция
 18312 | Depths:1 | Wingboner: Урааа!
 18312 | Depths:1 | Wingboner: Выполз!
 18316 | Depths:1 | Wingboner: Теперь ты официально выползок!
 18316 | Depths:1 | ololoev: куда выполз, лол
 18316 | Depths:1 | namelastname112: в анус
 18316 | Depths:1 | ololoev: U1 не сильно лучше U2
 18357 | Depths:1 | ololoev: пожрал 4 блинка и 4 ХВ
 18357 | Depths:1 | Wingboner: И пару теле.
 18357 | Depths:1 | ololoev: все, что накопил непосильным трудом
 18452 | Depths:1 | namelastname112: зато резисиы какие
 18457 | Depths:1 | incide: рфа прям вагон
 18485 | Depths:1 | Found a gateway to Hell.
 18527 | Depths:1 | Noticed a white very ugly thing
 18528 | Depths:1 | Noticed a white very ugly thing
 18546 | Depths:1 | Killed a cyan very ugly thing
 18546 | Depths:1 | Offered knowledge of Iron Shot by Vehumet.
 18546 | Depths:1 | Reached skill level 14 in Earth Magic
 18578 | D:15     | Killed a cyan very ugly thing
 18703 | Depths:1 | namelastname112: лрдшил бы все
 18703 | Depths:1 | namelastname112: че ты
 18707 | Depths:1 | Gained mutation: Your large and strong wings let you fly indefinitely. [Gargoyle growth]
 18707 | Depths:1 | Reached XP level 14. HP: 84/84 MP: 29/29
 18710 | Depths:1 | Wingboner: Громко и стрёмно стенку сломать.
 18711 | Depths:1 | ololoev: и себя заодно?
 18880 | D:15     | namelastname112: зато эффективно
 18902 | D:15     | namelastname112: ??syone arrow
 18902 | D:15     | beem: syone arrow ~ stone arrow[1/1]: A level 3 earth/conjuration spell. Found in the book of Geomancy, starting book for EEs. Does 3d11 dmg at max power. Does massive damage from ghosts for some reason. To-hit: 8+power/10.
 18972 | Depths:1 | namelastname112: ??lrd
 18973 | Depths:1 | beem: lrd[1/4]: Lee's Rapid Deconstruction: Turns walls into explosions. Useful for removing inconvenient stone or green crystal walls, though one needs fairly high power to pierce stone, and even higher to pierce metal (see {lrd[4]}). Causes lots of undodgeable damage to anything foolish enough to be near the wall (but AC is applied thrice).
 19142 | D:15     | namelastname112: почему личи не лрдшатся?
 19144 | Depths:1 | namelastname112: они же из костей
 19144 | Depths:1 | ololoev: хз
 19224 | Depths:1 | incide: ну они не совсем из костей
 19284 | Depths:1 | Wingboner: Потому что у них кости обмазаны говном, а говно не лрдшится.
 19289 | Depths:1 | incide: там еще ~магия~
 19298 | Depths:1 | Found Patoubre's Book Boutique.
 19306 | Depths:1 | namelastname112: лол
 19306 | Depths:1 | namelastname112: вот личи пидорасы
 19363 | Depths:1 | incide: олсо, лрд для горгулий безопасен относительно, он очень сильно от ац зависит
 19363 | Depths:1 | incide: и по
 19366 | Depths:1 | namelastname112: кстати
 19369 | Depths:1 | namelastname112: в какой версии гаргулий понерфили?
 19370 | Depths:1 | incide: *и поэтому же очень неэффективен против всяких там воинов
 19373 | Depths:1 | namelastname112: у них же раньше зубы были и прочее
 19377 | Depths:1 | Killed a fire giant
 19387 | Depths:1 | Shot with a bolt of penetration by a yaktaur captain

Dungeon Overview and Level Annotations

Branches:
Dungeon (15/15)            Temple (1/1) D:5            Lair (0/8) D:9
    Orc (0/2) D:12         Vaults (0/5) D:14         Depths (2/5) D:15

Altars:
Ashenzari
Dithmenos
Fedhas
Gozag
Kikubaaqudgha
Makhleb
Nemelex Xobeh
Okawaru
Pakellas
Qazlal
Ru
Trog
Vehumet
Xom
Yredelemnul
Zin
The Shining One

Shops:
D:6 ***   D:8 !   D:10 =   D:11 *   Depths:1 :

Portals:
Hell: Depths:1

Annotations:
D:5 1 exclusion
D:9 Maud
D:11 Frances
Depths:2 exclusion: oklob plant


Message History

As you read the scroll of summoning, it crumbles to dust.
Wisps of shadow whirl around you...
Unknown command.
The fire giant hits you with a great sword of flaming!!
The fire dragon bites your frost giant. The fire dragon claws your frost giant.
The fire dragon tramples your frost giant.
Your frost giant stumbles backwards!
Your frost giant hits the fire giant with a battleaxe of freezing!!
Your frost giant freezes the fire giant.
Your frost giant hits the fire dragon but does no damage.
Your rakshasa blinks!
Your stone giant throws a large rock.
The large rock hits the fire giant!!!
The large rock dissolves into shadows!
You swap places.
The fire dragon bites your frost giant.
The fire dragon claws your frost giant but does no damage.
The fire dragon tramples your frost giant but does no damage.
The fire giant hits your stone giant with a great sword of flaming!!
The fire giant burns your stone giant.
Your stone giant hits the fire giant!!
The fire giant dies!
Vehumet accepts your kill.
Unknown command.
The fire dragon breathes flames at your frost giant.
The blast of flame hits your stone giant.
The blast of flame hits your frost giant.
Your stone giant hits the fire dragon!!!
Unknown command.
What do you say? t - Shout!
Orders for allies: a - Attack new target. p - Attack previous target. r - Retreat! s - Stop attacking. w - Wait here. f - Follow me.
Anything else - Stay silent.
Gang up on whom?
Press: ? - help, Dir - move target cursor, f/p - fire dragon
Aim: a fire dragon (almost dead, catching its breath) Attack!
The fire dragon bites your frost giant but does no damage.
The fire dragon claws your frost giant.
The fire dragon tramples your frost giant but does no damage.
Your stone giant barely misses the fire dragon.
Unknown command.
Your frost giant hits the fire dragon with a battleaxe of freezing!
Your frost giant freezes the fire dragon.
The fire dragon dies!
Vehumet accepts your kill.
Unknown command.
You swap places.
You now have 664 gold pieces (gained 28).
Things that are here:
a great sword of flaming; a fire giant corpse A yaktaur captain comes into view.
You swap places.
The yaktaur captain wields an arbalest.
The yaktaur captain shoots a bolt of penetration.
The bolt of penetration pierces through your rakshasa!!
The bolt of penetration pierces through you!
Things that are here:
a bolt of penetration; a bolt; a bolt of flame Unknown command.
What do you say? t - Shout!
Orders for allies: a - Attack new target. r - Retreat! s - Stop attacking. w - Wait here. f - Follow me.
Anything else - Stay silent.
Gang up on whom?
Press: ? - help, Dir - move target cursor, f - yaktaur captain
Aim: a yaktaur captain, wielding an arbalest Attack!
Unknown command.
The yaktaur captain shoots a bolt of penetration.
The bolt of penetration pierces through your rakshasa!!
The bolt of penetration pierces through you.
Your rakshasa hits the yaktaur captain from afar with a trident!
Unknown command.
The yaktaur captain shoots a bolt of penetration.
The bolt of penetration completely misses your frost giant.
The bolt of penetration pierces through your rakshasa!!
Your rakshasa dies!
The bolt of penetration pierces through you!!
You die...

You could see a yaktaur captain, a friendly frost giant and a friendly stone giant.

Vanquished Creatures
  2 very ugly things
  Azrael (D:15)
  A yaktaur captain (Depths:1)
  A hydra (D:14)
  An ice dragon (Depths:1)
  A centaur warrior (D:15)
  An ogre mage (D:15)
  A tengu warrior (Depths:1)
  2 hell hogs (Depths:1)
  A deep elf knight (D:14)
  Sonja (D:10)
  A skeletal warrior (D:14)
  An unseen horror (D:14)
  A wizard (Depths:1)
  A giant orange brain (D:15)
  A lindwurm (shapeshifter) (D:15)
  An orc knight (D:14)
  4 hill giants
  8 ugly things
  4 deep elf magi
  A hornet (shapeshifter) (D:15)
  3 cyclopes
  A manticore (D:13)
  2 gargoyles (D:12)
  6 yaktaurs
  2 kobold demonologists
  A freezing wraith (D:14)
  A komodo dragon (D:9)
  A tengu conjurer (Depths:1)
  4 trolls
  12 slime creatures
  7 two-headed ogres
  A hornet zombie (D:14)
  A harpy skeleton (D:14)
  A redback (shapeshifter) (D:15)
  A spriggan (D:7)
  Sigmund (D:6)
  3 shadows
  3 yaks (D:12)
  2 wraiths
  2 hogs (shapeshifter) (D:15)
  A human (shapeshifter) (Depths:1)
  5 hungry ghosts
  A golden eye (shapeshifter) (Depths:1)
  A steam dragon (D:9)
  A mottled dragon (D:13)
  5 hippogriffs
  11 vampire mosquitoes
  Edmund (D:6)
  14 hell hounds
  3 ice beasts
  A water moccasin (D:11)
  An orc warrior (D:7)
  3 phantoms
  A sky beast (D:8)
  An eye of draining (D:13)
  10 ogres
  A necrophage (D:13)
  2 centaurs
  A crocodile (D:9)
  2 big kobolds
  15 giant frogs
  2 gnoll sergeants
  A water moccasin zombie (D:7)
  3 wyvern skeletons (D:14)
  4 scorpions
  12 killer bees
  11 wights
  10 howler monkeys
  2 giant frog zombies
  3 crimson imps
  6 orc priests
  9 hounds
  A quasit (D:5)
  2 centaur zombies
  2 giant frog skeletons
  9 jellies
  5 centaur skeletons
  4 iguanas
  Ijyb (D:2)
  Jessica (D:2)
  2 gnoll shamans (D:6)
  Natasha (thrice) (D:4)
  12 orc wizards
  7 worker ants
  2 sheep (D:13)
  A worker ant zombie (D:6)
  19 gnolls
  13 adders
  2 shadow imps
  17 oozes
  4 adder skeletons
  2 worms (D:2)
  3 dart slugs (D:1)
  6 giant geckos
  21 orcs
  7 giant cockroaches
  8 hobgoblins
  9 jackals
  8 quokkas
  2 ball pythons (D:3)
  10 bats
  2 giant gecko zombies
  6 giant newts
  13 goblins
  A jackal skeleton (D:5)
  22 kobolds
  2 quokka skeletons
  8 rats
472 creatures vanquished.

Vanquished Creatures (collateral kills)
  A fire giant (Depths:1)
  A fire dragon (Depths:1)
2 creatures vanquished.

Vanquished Creatures (others)
  A jelly (D:13)
  6 fungi (D:9)
  11 plants (Depths:1)
18 creatures vanquished.

Grand Total: 492 creatures vanquished

Action                   |  1- 3 |  4- 6 |  7- 9 | 10-12 | 13-15 || total
-------------------------+-------+-------+-------+-------+-------++-------
Melee: Unarmed           |    10 |     1 |       |       |       ||    11
       Dagger            |       |     7 |     7 |       |       ||    14
       Rapier            |       |       |    11 |    34 |       ||    45
 Cast: Sandblast         |    46 |   136 |    31 |       |       ||   213
       Stone Arrow       |       |     6 |    60 |   180 |   111 ||   357
       Lee's Rapid Decon |       |     2 |    41 |   159 |    82 ||   284
Evoke: Wand              |       |       |       |     2 |     9 ||    11
  Use: Scroll            |       |       |     1 |    24 |    18 ||    43
       Potion            |       |       |       |     4 |     5 ||     9
  Eat: Chunk             |     1 |    10 |    21 |    37 |     4 ||    73
       Royal jelly       |       |       |     1 |     2 |       ||     3
       Fruit             |       |       |     1 |       |       ||     1
       Meat ration       |       |       |     1 |     3 |     3 ||     7
       Bread ration      |       |       |       |     1 |       ||     1
       Pizza             |       |       |       |       |     3 ||     3
Armor: Robe              |    11 |    30 |    42 |    57 |       ||   140
       Troll leather arm |       |       |       |     8 |    63 ||    71
Dodge: Dodged            |    19 |    63 |    44 |    89 |    62 ||   277
Block: Buckler           |       |       |     1 |    34 |    16 ||    51

Vault maps used:
D:1:      dpeg_arrival_renting
D:2:      grunt_temple_overflow_diamond, uniq_jessica, uniq_iyjb
D:3:      first_bread, saegor_snake_ambush
D:4:      wad_river_or_something, hangedman_abyss_or_decor_passed, uniq_natasha
D:5:      minmay_overflow_temple_star_quad, minmay_temple_entry_enclosed_plants,
          trog_book
D:6:      serial_shops, nicolae_shop_competitors_out_of_business,
          nicolae_shop_overgrown_old_shop, nicolae_shop_trees, uniq_edmund,
          uniq_sigmund
D:7:      the_bakery, makhleb_altar_promises_db
D:8:      corexii_shack_village, serial_shops, nicolae_shop_crystal,
          minivault_1, nemelex_dance_club_becter
D:9:      lemuel_slime, erik_lair_dragon, basic_altar
D:10:     serial_shops, shop_fountains, uniq_sonja, uniq_maud
D:11:     guppyfry_shop_venom
D:12:     orc_0_dummy, basic_altar, uniq_frances
D:13:     uniq_azrael
D:14:     hangedman_vaults_entry_quadrant_bands, minmay_misc_feat_square
D:15:     gammafunk_enter_depths_forms, grunt_decor_cap
Temple:   minmay_temple_curvy_14
Depths:1: serial_shops, shop, grunt_hell_horde, minmay_misc_feat_chi,
          minmay_misc_feat_roman, serial_bayou_lagoon_a, minmay_pinched_square
Depths:2: gold_lair_mu, enter_ziggurat_c, grunt_hell_entry_dis_old,
          infiniplex_staircase_pool_lava
